 Dungeon Crawl Stone Soup version 0.19-b1-5-gdc9fa9d (webtiles) character file.

913 Gorglomux the Thaumaturge (level 7, -4/36 HPs)
             Began as a Deep Elf Conjurer on Oct 31, 2016.
             Was an Initiate of Vehumet.
             Killed by divine providence
             ... invoked by an orc priest
              (12 damage)
             ... on level 4 of the Dungeon.
             The game lasted 00:15:51 (4582 turns).

Gorglomux the Thaumaturge (Deep Elf Conjurer)       Turns: 4582, Time: 00:15:51

Health: -4/36      AC:  5    Str:  5    XL:     7   Next: 82%
Magic:  0/22       EV: 13    Int: 22    God:    Vehumet [......]
Gold:   351        SH:  0    Dex: 15    Spells: 7 memorised, 4 levels left

rFire  . . .     SeeInvis .     q - +0 trident (protect)
rCold  . . .     Gourm    .     p - +2 robe {MR+}
rNeg   . . .     Faith    .     (no shield)
rPois  .         Spirit   .     (no helmet)
rElec  .         Reflect  .     (no cloak)
rCorr  .         Harm     .     s - +0 pair of gloves
MR     +....                    (no boots)
Stlth  ++........               (no amulet)
                                (no ring)
                                (no ring)

@: no status effects
A: no striking features
a: Renounce Religion


You were on level 4 of the Dungeon.
You worshipped Vehumet.
Vehumet was noncommittal.
You were not hungry.

You visited 2 branches of the dungeon, and saw 5 of its levels.

You collected 351 gold pieces.

Inventory:

Hand Weapons
 i - a +0 dagger
 q - a +0 trident of protection (weapon)
Armour
 a - a +0 robe
 p - a +2 robe of magic resistance (worn)
 s - a +0 pair of gloves (worn)
Scrolls
 f - a scroll of teleportation
 h - a scroll of recharging {unknown}
 k - 6 scrolls of identify {unknown}
 l - 2 scrolls of fear {unknown}
 t - a scroll of remove curse {unknown}
 v - a scroll of random uselessness {unknown}
Potions
 e - a potion of ambrosia {unknown}
 g - 3 potions of magic {unknown}
 n - a potion of brilliance {unknown}
 r - a potion of flight {unknown}
 u - a potion of lignification {unknown}
 w - a potion of haste {unknown}
Books
 b - a book of Conjurations

   Spells                             Type                      Level
   a - Magic Dart                     Conjuration                  1
   b - Searing Ray                    Conjuration                  2
   c - Dazzling Spray                 Conjuration/Hexes            3
   d - Fulminant Prism                Conjuration/Hexes            4
   e - Iskenderun's Mystic Blast      Conjuration                  4
   f - Iskenderun's Battlesphere      Conjuration/Charms           5
 m - a book of Maledictions

   Spells                             Type                      Level
   a - Corona                         Hexes                        1
   b - Ensorcelled Hibernation        Hexes/Ice                    2
   c - Confuse                        Hexes                        3
   d - Tukima's Dance                 Hexes                        3
   e - Dazzling Spray                 Conjuration/Hexes            3
Comestibles
 c - 3 bread rations
 d - 3 slices of pizza
 j - 2 fruits
 o - 3 meat rations
 x - 3 beef jerkies
 z - 2 chunks of flesh


   Skills:
 - Level 2.4 Dodging
 - Level 2.4 Stealth
 - Level 10.1 Spellcasting
 - Level 5.0 Conjurations
 - Level 5.0 Hexes
 + Level 2.4 Charms


You had 4 spell levels left.
You knew the following spells:

 Your Spells              Type           Power        Failure   Level  Hunger
a - Magic Dart            Conj           ####         1%          1    None
b - Dazzling Spray        Conj/Hex       ####..       1%          3    None
c - Ensorcelled Hibernat  Hex/Ice        ###...       3%          2    None
d - Fulminant Prism       Conj/Hex       ####......   10%         4    ##.....
e - Confuse               Hex            ####....     1%          3    None
f - Iskenderun's Mystic   Conj           ####....     10%         4    ##.....
g - Iskenderun's Battles  Conj/Chrm      ####....     38%         5    ####...


Dungeon Overview and Level Annotations

Branches:
Dungeon (4/15)             Temple (1/1) D:4

Altars:
Ashenzari
Cheibriados
Dithmenos
Fedhas
Gozag
Hepliaklqana
Kikubaaqudgha
Okawaru
Qazlal
Ru
Sif Muna
Vehumet
Xom
Yredelemnul
Zin


Message History

* * * LOW HITPOINT WARNING * * *
Casting: Magic Dart
Confirm with . or Enter, or press ? or * to list all spells.
Aiming: Magic Dart
Press: ? - help, Shift-Dir - straight line, f/p - orc priest
Aim: an orc priest, wielding a whip and wearing a leather armour (moderately wounded)
The magic dart hits the orc priest.
The orc priest is heavily wounded.
The orc priest hits you but does no damage.
Casting: Magic Dart
Confirm with . or Enter, or press ? or * to list all spells.
Aiming: Magic Dart
Press: ? - help, Shift-Dir - straight line, f/p - orc priest
Aim: an orc priest, wielding a whip and wearing a leather armour (heavily wounded)
The magic dart hits the orc priest.
The orc priest is heavily wounded.
The orc priest closely misses you.
The orc priest calls down the wrath of Beogh upon you.
Beogh smites you!
You die...

### +## ..# ##..# ..# ...#
...# ..# ...# ...#
..########## #..# ...!#
..##..##...######..# ....#
...................#.....#
................@..#.)[..#
..##.†.....######.o'.....#
..##.......#....#..#.....#
...).......'....#..# ....#
...#.)##...#....#..# ...#
..##..##...#....'..# ..#
..##.).....#....#..# .#
..##..##...+....#### #
.g######...#....#


You could see an orc priest.

Vanquished Creatures
  A two-headed ogre (D:4)
  4 big kobolds (D:3)
  A hound (D:4)
  An orc priest (D:3)
  An orc wizard (D:3)
  10 gnolls
  8 adders
  An ooze (D:1)
  A worm (D:2)
  2 dart slugs
  5 leopard geckos
  12 orcs
  9 bats
  4 giant cockroaches
  28 hobgoblins
  2 jackals (D:2)
  2 quokkas
  2 ball pythons
  6 frilled lizards
  33 goblins
  8 kobolds
  A quokka skeleton (D:4)
  6 rats
148 creatures vanquished.

Vanquished Creatures (others)
  12 fulminant prisms
12 creatures vanquished.

Grand Total: 160 creatures vanquished

Notes
Turn   | Place    | Note
-------+----------+-------------------------------------------
     0 | D:1      | Gorglomux the Deep Elf Conjurer began the quest for the Orb.
     0 | D:1      | Reached XP level 1. HP: 10/10 MP: 6/6
   186 | D:1      | Reached XP level 2. HP: 15/15 MP: 5/8
   213 | D:1      | Reached skill level 5 in Conjurations
   880 | D:1      | Reached skill level 4 in Spellcasting
   880 | D:1      | Reached XP level 3. HP: 19/19 MP: 7/10
   885 | D:1      | Learned a level 3 spell: Dazzling Spray
  1235 | D:2      | Reached skill level 1 in Hexes
  1418 | D:2      | Found a snail-covered altar of Cheibriados.
  1698 | D:2      | Found a hazy altar of Hepliaklqana.
  1856 | D:2      | Reached XP level 4. HP: 24/24 MP: 8/12
  1863 | D:2      | Learned a level 2 spell: Ensorcelled Hibernation
  1868 | D:2      | Learned a level 4 spell: Fulminant Prism
  1968 | D:3      | Reached XP level 5. HP: 28/28 MP: 2/13
  2138 | D:3      | Reached skill level 5 in Hexes
  2605 | D:3      | Reached skill level 5 in Spellcasting
  2608 | D:3      | Reached skill level 6 in Spellcasting
  2608 | D:3      | Reached XP level 6. HP: 29/32 MP: 0/17
  2758 | D:3      | Reached skill level 7 in Spellcasting
  2820 | D:3      | Learned a level 3 spell: Confuse
  2923 | D:3      | Reached skill level 8 in Spellcasting
  2923 | D:3      | Reached XP level 7. HP: 31/36 MP: 0/20
  3648 | D:3      | Found a sacrificial altar of Ru.
  3649 | D:3      | Found an opulent altar of Gozag.
  3652 | D:3      | Found an iron altar of Okawaru.
  3674 | D:3      | Learned a level 4 spell: Iskenderun's Mystic Blast
  3888 | D:4      | Found a staircase to the Ecumenical Temple.
  3892 | Temple   | Entered the Ecumenical Temple
  4047 | Temple   | Became a worshipper of Vehumet
  4113 | D:4      | Found a shattered altar of Ashenzari.
  4129 | D:4      | Noticed a two-headed ogre
  4146 | D:4      | Killed a two-headed ogre
  4146 | D:4      | Reached skill level 9 in Spellcasting
  4381 | D:4      | Reached skill level 10 in Spellcasting
  4396 | D:4      | Learned a level 5 spell: Iskenderun's Battlesphere
  4451 | D:4      | Reached skill level 1 in Charms
  4582 | D:4      | Killed from afar by an orc priest

Skill      XL: |  1  2  3  4  5  6  7 |
---------------+----------------------+-----
Conjurations   | 5 |  5.0
Spellcasting   | 4 6 8 10 | 10.1
Hexes          | 3 4 5 |  5.0
Charms         | 2 |  2.4
Dodging        | |  2.4
Stealth        | |  2.4

Action                   |  1- 3 |  4- 6 |  7- 9 || total
-------------------------+-------+-------+-------++-------
Melee: Dagger            |       |     4 |       ||     4
       Trident           |       |    18 |       ||    18
 Cast: Magic Dart        |    92 |    66 |   101 ||   259
       Fulminant Prism   |       |     8 |     4 ||    12
       Dazzling Spray    |       |     2 |     1 ||     3
       Confuse           |       |     2 |       ||     2
       Ensorcelled Hiber |       |     1 |     2 ||     3
       Iskenderun's Myst |       |       |     4 ||     4
  Use: Scroll            |       |     1 |       ||     1
 Stab: Confused          |       |     3 |       ||     3
  Eat: Chunk             |     2 |     5 |     5 ||    12
Armor: Robe              |     4 |     6 |     2 ||    12
Dodge: Dodged            |    13 |    41 |    22 ||    76
